 Dungeon Sprint DCSS version 0.16-a0-3781-g2316936 (console) character file.

346 Monkaria the Carver (level 6, -6/50 HPs)
             Began as a High Elf Gladiator on Jan 25, 2015.
             Was an Initiate of Makhleb.
             Mangled by a slime creature (15 damage)
             ... in the Dungeon (Sprint I: "Red Sonja").
             The game lasted 00:01:43 (906 turns).

Monkaria the Carver (High Elf Gladiator)             Turns: 906, Time: 00:01:43

Health: -6/50      AC:  7    Str: 16    XL:     6   Next: 32%
Magic:  10/10      EV: 12    Int: 11    God:    Makhleb [......]
Gold:   305        SH:  0    Dex: 17    Spells: 0 memorised, 5 levels left

rFire  . . .     SeeInvis .     a - +0 long sword
rCold  . . .     Clarity  .     n - +0 ring mail
rNeg   . . .     SustAb   .     (no shield)
rPois  .         Gourm    .     c - +0 helmet
rElec  .         Spirit   .     (no cloak)
rCorr  .         Warding  .     (no gloves)
rMut   .         NoTele   +     (no boots)
MR     .....                    (no amulet)
Stlth  +.........               (no ring)
                                (no ring)

@: not resistant to hostile enchantments, very unstealthy
A: no striking features
a: Renounce Religion


You were in the Dungeon.
You worshipped Makhleb.
Makhleb was noncommittal.
You were not hungry.

You visited 1 branch You collected 305 gold pieces.

Inventory:

Hand weapons
 a - a +0 long sword (weapon)
Missiles
 d - 3 throwing nets (quivered)
Armour
 c - a +0 helmet (worn)
 n - a +0 ring mail (worn)
Magical devices
 l - a wand of teleportation (6)
Scrolls
 k - a scroll of blinking
Potions
 e - a potion of curing
 g - a potion of heal wounds
 h - a potion of haste
 i - 2 potions of magic
 j - a potion of berserk rage
Comestibles
 f - a bread ration
 m - 4 chunks of flesh


   Skills:
 - Level 8.1 Fighting
 - Level 11.2 Long Blades
 - Level 2.1 Throwing
 * Level 5.6 Armour
 + Level 3.2 Dodging


You had 5 spell levels left.
You didn't know any spells.

Dungeon Overview and Level Annotations

Branches:
Dungeon (1/1)

Altars:
Cheibriados
Dithmenos
Elyvilon
Fedhas
Gozag
Kikubaaqudgha
Makhleb
Nemelex Xobeh
Okawaru
Qazlal
Ru
Sif Muna
Trog
Vehumet
Xom
Yredelemnul
Zin
The Shining One
Jiyva

Shops:
D :


Message History

You hit the slime creature.
The slime creature is moderately wounded.
The slime creature hits you.
You hit the slime creature but do no damage.
The slime creature is moderately wounded.
The slime creature hits you!
* * * LOW HITPOINT WARNING * * *
You hit the slime creature.
The slime creature is moderately wounded.
The slime creature hits you but does no damage.
You slash the slime creature!
The slime creature is heavily wounded.
The slime creature hits you!
* * * LOW HITPOINT WARNING * * *
You slash the slime creature!
The slime creature is severely wounded.
You slash the slime creature!
The slime creature is severely wounded.
The slime creature hits you!
You die...

###################
#<.#..)..#..'..#__#
#..@J.#..').#..'..+
#..#####'#####'#__#
#..####..#...#[####
#..#__####..##.#
#..#_..__##'#..+
#⌠⌠#_.∩...'..._#
####_..._##_.#+#
#_____###+# #######


You could see a slime creature.

Vanquished Creatures
  A yak (D)
  An ogre (D)
  Sigmund (D)
  A jelly (D)
  Ijyb (D)
5 creatures vanquished.

Vanquished Creatures (others)
  A gargoyle (D)
1 creature vanquished.

Grand Total: 6 creatures vanquished

Notes
Turn   | Place    | Note
--------------------------------------------------------------
     0 | D        | Monkaria, the High Elf Gladiator, began the quest for the Orb.
     0 | D        | Reached XP level 1. HP: 14/14 MP: 2/2
     1 | D        | Noticed Ijyb
    33 | D        | Killed Ijyb
    33 | D        | Reached skill level 6 in Long Blades
    33 | D        | Reached XP level 2. HP: 2/21 MP: 3/3
   304 | D        | Noticed an ogre
   317 | D        | Killed an ogre
   317 | D        | Reached skill level 5 in Fighting
   317 | D        | Reached skill level 9 in Long Blades
   317 | D        | Reached XP level 3. HP: 6/30 MP: 5/5
   317 | D        | Reached XP level 4. HP: 7/36 MP: 7/7
   553 | D        | Noticed Sigmund
   563 | D        | Killed Sigmund
   563 | D        | Reached skill level 11 in Long Blades
   563 | D        | Reached XP level 5. HP: 35/42 MP: 8/8
   600 | D        | Killed a gargoyle
   620 | D        | Found a deep blue altar of Sif Muna.
   621 | D        | Noticed a jelly
   622 | D        | Found a radiant altar of Vehumet.
   626 | D        | Killed a jelly
   649 | D        | Found Nasaph's Book Emporium.
   649 | D        | Found a white marble altar of Elyvilon.
   649 | D        | Found a stormy altar of Qazlal.
   649 | D        | Found a burning altar of Makhleb.
   649 | D        | Found a sacrificial altar of Ru.
   649 | D        | Found a basalt altar of Yredelemnul.
   649 | D        | Found a glowing golden altar of the Shining One.
   649 | D        | Found a sparkling altar of Nemelex Xobeh.
   649 | D        | Found a shimmering altar of Xom.
   649 | D        | Found an opulent altar of Gozag.
   649 | D        | Found an ancient bone altar of Kikubaaqudgha.
   649 | D        | Found a glowing silver altar of Zin.
   649 | D        | Noticed a yak
   657 | D        | Killed a yak
   657 | D        | Reached skill level 5 in Armour
   657 | D        | Reached XP level 6. HP: 13/50 MP: 10/10
   658 | D        | Found an iron altar of Okawaru.
   659 | D        | Found a bloodstained altar of Trog.
   661 | D        | Became a worshipper of Makhleb the Destroyer
   884 | D        | Found a snail-covered altar of Cheibriados.
   884 | D        | Found a viscous altar of Jiyva.
   884 | D        | Found a shadowy altar of Dithmenos.
   884 | D        | Found a blossoming altar of Fedhas.
   884 | D        | Noticed a slime creature
   906 | D        | Mangled by a slime creature

Action                   |  1- 3 |  4- 6 || total
-------------------------+-------+-------++-------
Melee: Long sword        |    44 |    28 ||    72
